 Dungeon Crawl Stone Soup version 0.25.0-11-g1f837a76a1 (webtiles) character file.

Game seed: 9323203076211512685

137 xccam the Cutter (level 5, -7/30 HPs)
             Began as a Tengu Assassin on June 25, 2020.
             Was an Initiate of Ru.
             Mangled by a bullfrog (9 damage)
             ... on level 3 of the Dungeon.
             The game lasted 00:02:56 (2247 turns).

xccam the Cutter (Tengu Assassin)                   Turns: 2247, Time: 00:02:57

Health: -7/30      AC:  3    Str: 11    XL:     5   Next: 20%
Magic:  6/6        EV: 14    Int: 13    God:    Ru [......]
Gold:   114        SH:  0    Dex: 21    Spells: 4/4 levels left

rFire    . . .     SeeInvis .   n - +2 dagger (pain)
rCold    . . .     Gourm    .   (no shield)
rNeg     . . .     Faith    .   b - +0 robe
rPois    .         Spirit   .   (helmet restricted)
rElec    .         Reflect  .   c - +0 cloak
rCorr    +         Harm     .   (no gloves)
MR       .....                  (boots unavailable)
Stlth    +++.......             (no amulet)
HPRegen  0.10/turn              a - +6 ring of dexterity
MPRegen  0.10/turn              r - ring of resist corrosion

@: flying quickly and evasively, quick
A: beak, talons 3, able to fly
a: Stop Flying, Renounce Religion


You were on level 3 of the Dungeon.
You worshipped Ru.
Ru was noncommittal.
You were not hungry.

You visited 1 branch of the dungeon, and saw 3 of its levels.

You collected 114 gold pieces.

Inventory:

Hand Weapons
 n - a +2 dagger of pain (weapon)
Missiles
 d - 7 poisoned darts (quivered)
 e - 2 curare-tipped darts
Armour
 b - a +0 robe (worn)
 c - a +0 cloak (worn)
Jewellery
 a - a +6 ring of dexterity (left hand)
 j - an uncursed ring of fire
 r - a ring of resist corrosion (right hand)
Wands
 s - a wand of enslavement (7)
Scrolls
 g - a scroll of blinking {unknown}
 h - 2 scrolls of magic mapping {unknown}
 i - a scroll of noise {unknown}
 l - 2 scrolls of enchant armour {unknown}
 o - a scroll of enchant weapon {unknown}
 p - a scroll of remove curse {unknown}
 t - 2 scrolls of teleportation {unknown}
 u - a scroll of fear {unknown}
Potions
 m - a potion of degeneration {unknown}
 q - a potion of curing {unknown}
Comestibles
 f - 5 rations


   Skills:
 - Level 2.0 Fighting
 + Level 5.7 Short Blades
 - Level 2.0 Throwing
 - Level 1.1 Dodging
 - Level 4.0 Stealth


You had 4 spell levels left.
You didn't know any spells.
Your spell library was empty.

Dungeon Overview and Level Annotations

Branches:
Dungeon (3/15)

Altars:
Ru


Innate Abilities, Weirdness & Mutations

You have a beak for a mouth.
You have claws for feet.
You can fly continuously.


Message History

The bullfrog hits you.
* * * LOW HITPOINT WARNING * * *
You closely miss the bullfrog. Your kick misses the bullfrog.
The bullfrog is heavily wounded.
The bullfrog hits you.
* * * LOW HITPOINT WARNING * * *
You hit the bullfrog.
The bullfrog is severely wounded.
The bullfrog hits you.
* * * LOW HITPOINT WARNING * * *
You hit the bullfrog. Your peck misses the bullfrog.
The bullfrog is severely wounded.
The bullfrog barely misses you.
You hit the bullfrog. Your peck misses the bullfrog.
The bullfrog is almost dead.
The bullfrog closely misses you.
You hit the bullfrog.
The bullfrog is almost dead.
The bullfrog hits you!
You die...

## # .#### ##.
##..... .. ###...#
... ......###
#.### #.......#
....# #.......#
#.#.# #.......#
##.#@# #..<....#
#Fg#F# #.......#
#gg#g#
#.......##.###.#.#
#.......##.....(.#
##############.###
### #.# ##.#####
#.# ##......# #.#


You could see a bullfrog and a gnoll.

Vanquished Creatures
  2 gnolls (D:3)
  3 adders
  3 oozes (D:1)
  4 worms (D:2)
  A dart slug (D:3)
  A leopard gecko (D:2)
  9 giant cockroaches
  6 goblins
  5 hobgoblins
  2 jackals (D:1)
  2 quokkas (D:2)
  4 ball pythons
  3 bats (D:1)
  5 frilled lizards
  7 kobolds
  11 rats
68 creatures vanquished.

Notes
Turn   | Place    | Note
-------+----------+-------------------------------------------
     0 | D:1      | xccam the Tengu Assassin began the quest for the Orb.
     0 | D:1      | Reached XP level 1. HP: 12/12 MP: 2/2
     1 | D:1      | Found a runed translucent door.
   142 | D:1      | Reached XP level 2. HP: 13/17 MP: 3/3
   145 | D:1      | Reached skill level 3 in Short Blades
   441 | D:1      | Reached XP level 3. HP: 6/21 MP: 4/4
   460 | D:1      | Reached skill level 4 in Short Blades
  1092 | D:2      | Reached XP level 4. HP: 26/26 MP: 5/5
  1147 | D:2      | You fall into a shaft and drop 1 floor!
  1193 | D:3      | Found a sacrificial altar of Ru.
  1213 | D:3      | Became a worshipper of Ru the Awakened
  1542 | D:2      | Reached skill level 5 in Short Blades
  2155 | D:3      | Gained mutation: You can fly continuously. [Tengu growth]
  2155 | D:3      | Reached XP level 5. HP: 30/30 MP: 6/6
  2247 | D:3      | Mangled by a bullfrog

Illustrated notes

Levels and vault maps discovered:
D:1:      dpeg_arrival_caged_fury, layout_rooms, kennysheep_minor_cross,
          dk_noncrumbling_4
D:2:      minmay_door_path, layout_basic
D:3:      layout_loops_cross, vehumet_crystals, lemuel_round_altar,
          gammafunk_ghost_necromancy

Skill      XL: |  1  2  3  4 |
---------------+-------------+-----
Short Blades   | 3 4 5 |  5.7
Fighting       | |  2.0
Throwing       | |  2.0
Dodging        | |  1.1
Stealth        | |  4.0

Action                   |  1- 3 |  4- 6 || total
-------------------------+-------+-------++-------
Melee: Dagger            |   100 |    59 ||   159
       Kick              |    26 |    24 ||    50
       Peck              |    10 |     5 ||    15
Throw: Dart              |     6 |       ||     6
 Abil: Fly               |       |     1 ||     1
 Stab: Sleeping          |     5 |    11 ||    16
  Eat: Chunk             |     1 |     3 ||     4
Armor: Robe              |    25 |     6 ||    31
Dodge: Dodged            |    57 |    18 ||    75
